 Dungeon Crawl Stone Soup version 0.27-a0-1555-g0e7b3fb1d2 (webtiles) character file.

Game seed: 1782359561416669874

17 FraktalHater the Skirmisher (level 2, -1/27 HPs)
             Began as a Hill Orc Fighter on July 15, 2021.
             Frozen to death by an endoplasm (4 damage)
             ... on level 1 of the Dungeon.
             The game lasted 00:01:29 (42 turns).

FraktalHater the Skirmisher (Hill Orc Fighter)        Turns: 42, Time: 00:01:34

Health: -1/27      AC:  6    Str: 18    XL:     2   Next: 62%
Magic:  2/2        EV:  7    Int:  8    God:
Gold:   0          SH:  9    Dex: 10    Spells: 1/1 levels left

rFire    . . .     SeeInvis .   a - +0 war axe
rCold    . . .     Faith    .   c - +0 kite shield
rNeg     . . .     Spirit   .   b - +0 scale mail
rPois    .         Reflect  .   (no helmet)
rElec    .         Harm     .   (no cloak)
rCorr    .         Rampage  .   (no gloves)
Will     .....                  (no boots)
Stlth    ..........             (no amulet)
HPRegen  0.09/turn              (no ring)
MPRegen  0.08/turn              (no ring)

@: no status effects
A: no striking features
a: no special abilities


You were on level 1 of the Dungeon.
You visited 1 branch of the dungeon, and saw 1 of its levels.

Inventory:

Hand Weapons
 a - a +0 war axe (weapon)
Armour
 b - a +0 scale mail (worn)
 c - a +0 kite shield (worn)
Potions
 d - a potion of might


   Skills:
 + Level 3.8 Fighting
 + Level 2.9 Axes
 + Level 3.6 Armour
 + Level 3.6 Shields


You had one spell level left.
You didn't know any spells.
Your spell library was empty.

Dungeon Overview and Level Annotations

Branches:
Dungeon (1/15)

Altars:


Message History

You block the giant cockroach's attack.
You closely miss the giant cockroach.
The giant cockroach bites you but does no damage.
You block the giant cockroach's attack.
You hit the giant cockroach but do no damage.
You block the giant cockroach's attack.
The giant cockroach bites you but does no damage.
You slash the giant cockroach!
You kill the giant cockroach!
The rat bites you but does no damage.
You closely miss the rat. You block the rat's attack.
You hit the rat.
You kill the rat!
You hit the worm.
The worm is moderately wounded.
The worm bites you.
* * * LOW HITPOINT WARNING * * *
You barely miss the worm.
The worm is lightly wounded.
The worm closely misses you.
You slash the worm!
The worm is severely wounded.
You block the worm's attack.
You slash the worm!
You kill the worm!
You block the jackal's attack.
You closely miss the jackal. You block the jackal's attack.
The jackal closely misses you. You block the jackal's attack.
You slash the jackal!
You kill the jackal!
You block the endoplasm's attack.
You hit the endoplasm but do no damage. You block the endoplasm's attack.
You hit the endoplasm.
The endoplasm is heavily wounded.
The endoplasm freezes you.
You are frozen.
* * * LOW HITPOINT WARNING * * *
The endoplasm freezes you.
You are frozen.
You die...

###+#######+###
#..⌠...>...⌠..#
#......<......#
+⌠....###....⌠+
#......@†.....#
#######J#######
#......J... J.#
#.............#
#...?.........#
###############


You could see 2 endoplasms.

Vanquished Creatures
  A worm (D:1)
  An endoplasm (D:1)
  4 giant cockroaches (D:1)
  3 jackals (D:1)
  4 rats (D:1)
13 creatures vanquished.

Notes
Turn   | Place    | Note
-------+----------+-------------------------------------------
     0 | D:1      | FraktalHater the Hill Orc Fighter began the quest for the
                  | Orb.
     0 | D:1      | Reached XP level 1. HP: 19/19 MP: 1/1
     1 | D:1      | Found a runed translucent door.
    23 | D:1      | Reached XP level 2. HP: 6/27 MP: 2/2
    42 | D:1      | Frozen to death by an endoplasm

Illustrated notes

Levels and vault maps discovered:
D:1:      dpeg_arrival_caged_fury, layout_loops_corners,
          hellmonk_ecumenical_altar_zigzags, minmay_tromino_v2

Action                   || total
-------------------------++-------
Melee: War axe           ||    34
Armor: Scale mail        ||    14
Dodge: Dodged            ||     9
Block: Kite shield       ||    22

Table legend: (Time is in decaauts)
 A = Elapsed time spent in this place.
 B = Non-inter-level travel time spent in this place.
 C = Inter-level travel time spent in this place.
 D = Time resting spent in this place.
 E = Time spent auto-exploring this place.
 F = Levels seen in this place.
 G = Mean time per level.
                   A        B        C        D        E       F      G
               +--------+--------+--------+--------+--------+-----+--------+
         Total |     61 |     61 |      0 |      0 |      0 |   1 |   61.0 |
       Dungeon |     61 |     61 |      0 |      0 |      0 |   1 |   61.0 |
               +--------+--------+--------+--------+--------+-----+--------+

Top non-repeatable levels by time:
     D:1: 61 daAuts
